 Dungeon Crawl Stone Soup version 0.13.0-13-g27bfa31 (webtiles) character file.

127 Deemzul the Insei (level 4, -1/30 HPs)
             Began as an Octopode Monk on Oct 19, 2013.
             Killed from afar by an orc wizard (9 damage)
             ... with a magic dart
             ... on Level 3 of the Dungeon.
             The game lasted 00:02:03 (1298 turns).

Deemzul the Insei (Octopode Monk)                   Turns: 1298, Time: 00:02:03

HP  -1/30        AC  1     Str 10      XL: 4   Next: 25%
MP   3/3         EV 13     Int 12      God:
Gold 55          SH  0     Dex 15      Spells:  0 memorised,  3 levels left

Res.Fire  : . . .   See Invis. : .     - Unarmed
Res.Cold  : . . .   Warding    : +   (no shield)
Life Prot.: + . .   Conserve   : .   (helmet restricted)
Res.Poison: .       Res.Corr.  : .   k - amulet of warding {unknown}
Res.Elec. : .       Clarity    : .   (no ring)
Sust.Abil.: . .     Spirit.Shd : .   (no ring)
Res.Mut.  : .       Stasis     : .   (no ring)
Res.Rott. : .       Flight     : .   (no ring)
Saprovore : . . .                    (no ring)
                                     (no ring)
                                     (no ring)
                                     (no ring)

@: slightly resistant to hostile enchantments, quite stealthy
A: almost no armour, amphibious, 8 rings, constrict 8, camouflage 1, AC +1
a: no special abilities


You were on level 3 of the Dungeon.
You were not hungry.

You visited 1 branch of the dungeon, and saw 3 of its levels.

You collected 55 gold pieces.

Inventory:

Missiles
 f - 4 curare-tipped needles
 m - 12 poisoned needles
Comestibles
 b - a bread ration
 c - a chunk of hobgoblin flesh
 d - 2 meat rations
Scrolls
 h - a scroll of fear {unknown}
 i - a scroll of remove curse
 l - a scroll of identify
 n - a scroll of fog {unknown}
Jewellery
 k - an amulet of warding (around mantle) {unknown}
Potions
 a - 5 potions of curing
 e - 3 potions of restore abilities
 g - 4 potions of heal wounds
 j - 2 potions of confusion


   Skills:
 - Level 3.0 Fighting
 - Level 3.0 Dodging
 - Level 2.6 Stealth
 + Level 5.6 Unarmed Combat


You had 3 spell levels left.
You didn't know any spells.

Dungeon Overview and Level Annotations

Branches:
Dungeon (3/27)

Altars:


Innate Abilities, Weirdness & Mutations

You cannot wear most types of armour.
You are amphibious.
You can wear up to eight rings at the same time.
You can use your tentacles to constrict many enemies at once.
Your skin changes colour to match your surroundings (Stlth).
Your rubbery body absorbs attacks (AC +1).


Message History

You closely miss the orc wizard. You grab the orc wizard.
Your tentacle-slap misses the orc wizard.
You constrict the orc wizard, but do no damage.
The orc wizard hits you with an elven short sword.
* * * LOW HITPOINT WARNING * * *
A giant cockroach comes into view.
You hit the orc wizard.
You squeeze the orc wizard, but do no damage.
The orc wizard is lightly wounded.
You constrict the orc wizard. The orc wizard closely misses you.
You hit the orc wizard.
The orc wizard is moderately wounded.
You constrict the orc wizard, but do no damage.
The orc wizard closely misses you.
You hit the orc wizard.
The orc wizard is moderately wounded.
You constrict the orc wizard. The orc wizard casts a spell at you.
The magic dart hits you!
You die...

. .... ..... ############
...... +####...#......#
......# ........#......#
......# ........#......#
......#
......###......###......##
...............'@oo.......
....#####......###o.......
....# #......# ...r...
##..# ######## ..K.s..
.#..# ####... ....# #
%##.# ....# #####


You could see an orc wizard, 2 orcs, a giant cockroach, a kobold and a rat.

Vanquished Creatures
  Jessica (D:3)
  Terence (D:2)
  A worm (D:2)
  2 orcs (D:3)
  3 goblins
  5 hobgoblins
  3 jackals (D:1)
  A ball python (D:1)
  6 bats
  4 giant newts
  5 kobolds
  3 rats
35 creatures vanquished.

Notes
Turn   | Place    | Note
--------------------------------------------------------------
     0 | D:1      | Deemzul, the Octopode Monk, began the quest for the Orb.
     0 | D:1      | Reached XP level 1. HP: 14/14 MP: 0/0
    24 | D:1      | Reached XP level 2. HP: 9/19 MP: 1/1
   576 | D:1      | Reached XP level 3. HP: 25/25 MP: 2/2
   668 | D:2      | Noticed Terence
   680 | D:2      | Killed Terence
   680 | D:2      | Reached skill level 5 in Unarmed Combat
  1239 | D:3      | Noticed Jessica
  1244 | D:3      | Killed Jessica
  1244 | D:3      | Reached XP level 4. HP: 24/30 MP: 3/3
  1298 | D:3      | Killed from afar by an orc wizard

Action                   |  1- 3 |  4- 6 || total
-------------------------+-------+-------++-------
Melee: Unarmed           |    70 |    11 ||    81
  Use: Scroll            |     5 |       ||     5
 Stab: Sleeping          |     7 |       ||     7
